Map: King's Cove LE

Players

Lisandro

  • Race: Protoss Protoss
  • Spawn Location: 5:00

PengWin - Winner!

  • Race: Zerg Zerg
  • Spawn Location: 11:00

Event: 2019 WCS Summer

VOD

Have the link to the VOD?

Description

Time

  • Played on: July 12, 2019, 9:14 a.m.
  • Length: 10:04

All games in this series

Show
View Real Time Build Order
Export as new Build Order

Lisandro Protoss 

Build Orders: 1 Gate Expand, Oracle Opening, Phoenix Opening 

Get SALT Encoding   

  12  0:00  Probe  
  13  0:12  Probe  
  14  0:18  Pylon  
  14  0:24  Probe  
  15  0:33  Probe  
  15  0:40  Gateway  
  15  0:41  Probe  
  16  0:48  Assimilator  
  17  0:51  Probe  
  18  1:04  Probe  
  19  1:16  Probe  
  20  1:26  Nexus  
  20  1:35  Cybernetics Core  
  20  1:42  Assimilator  
  20  1:44  Probe  
  21  1:52  Pylon  
  21  1:54  Probe  
  22  2:01  Adept  
  22  2:02  Probe  
  23  2:10  Probe  
  26  2:19  Stargate  
  26  2:22  Probe  
  26  2:29  Warp Gate  
  27  2:34  Adept  
  27  2:35  Probe  
  27  2:36  Probe  
  30  2:43  Probe  
  31  2:48  Probe  
  33  2:53  Probe  
  33  2:55  Gateway  
  34  3:00  Probe  
  34  3:01  Phoenix  
  35  3:08  Probe  
  38  3:14  Probe  
  39  3:20  Probe  
  39  3:21  Pylon  
  39  3:26  Probe, Oracle  
  41  3:32  Probe  
  45  3:36  Gateway  
  45  3:38  Probe  
  32  3:41  Adept  
  46  3:45  Probe  
  49  3:50  Probe  
  50  3:56  Pylon  
  50  3:57  Probe  
  50  3:59  Pylon  
  50  4:02  Probe  
  52  4:06  Assimilator  
  52  4:09  Probe, Assimilator  
  53  4:14  Probe  
  54  4:18  Adept x2  
  54  4:21  Probe  
  59  4:26  Probe, Pylon  
  60  4:32  Adept  
  60  4:33  Probe  
  60  4:38  Adept  
  65  4:39  Adept  
  65  4:44  Robotics Facility  
  65  4:45  Probe  
  68  4:46  Twilight Council  
  69  4:55  Forge  
  69  4:59  Gateway  
  68  5:00  Sentry  
  68  5:01  Sentry  
  72  5:15  Nexus  
  72  5:22  Robotics Facility, Immortal  
  68  5:35  Sentry  
  68  5:36  Zealot  
  70  5:43  Robotics Bay  
  64  5:53  Probe  
  64  5:55  Pylon  
  64  5:56  Zealot  
  67  5:57  Assimilator  
  67  6:01  Probe, Warp Prism  
  68  6:08  Probe  
  69  6:13  Probe, Protoss Ground Weapons Level 1  
  69  6:15  Shield Battery  
  69  6:16  Shield Battery  
  69  6:17  Zealot  
  74  6:19  Colossus  
  74  6:20  Probe  
  74  6:22  Colossus  
  74  6:23  Stalker x3  
  89  6:47  Probe  
  89  6:48  Probe  
  91  6:57  Probe  
  91  6:59  Probe  
  93  7:02  Extended Thermal Lance  
  93  7:03  Zealot x2  
  93  7:05  Probe  
  93  7:07  Assimilator  
  98  7:09  Pylon  
  98  7:12  Pylon  
  98  7:16  Colossus  
  98  7:25  Probe  
  98  7:26  Probe x2  
  107  7:36  Colossus  
  113  7:38  Probe  
  113  7:41  Zealot  
  116  7:56  Pylon  
  116  7:58  Nexus, Pylon  
  116  8:16  Probe  
  116  8:18  Pylon  
  117  8:23  Immortal  
  117  8:36  Immortal  
  121  8:44  Gateway  
  121  8:46  Probe  
  121  8:47  Sentry x2  
  126  8:50  Gateway  
  126  8:52  Gateway  
  126  9:03  Gateway  
  126  9:04  Gateway  
  124  9:15  Stalker x3  
  124  9:16  Probe  
  131  9:22  Stalker  
  133  9:33  Pylon  
  133  9:38  Pylon  
  133  9:39  Stalker x2  
  133  9:40  Stalker, Pylon  
  133  9:53  Stalker  
  133  9:54  Stalker x3  
Show
View Real Time Build Order
Export as new Build Order

PengWin Zerg - Winner!

Build Orders: Hatch First, Swarm Host, Roach Nydus 

Get SALT Encoding   

  12  0:00  Drone  
  13  0:12  Overlord  
  13  0:18  Drone  
  14  0:30  Drone  
  14  0:31  Drone  
  14  0:35  Drone  
  17  0:53  Hatchery  
  17  0:56  Drone  
  17  0:59  Drone  
  18  1:05  Extractor  
  17  1:15  Spawning Pool  
  17  1:18  Drone  
  17  1:21  Drone  
  18  1:31  Drone  
  19  1:38  Overlord  
  19  1:49  Drone  
  20  2:01  Queen  
  20  2:05  Drone  
  20  2:06  Queen  
  20  2:08  Metabolic Boost  
  25  2:13  Zergling x2  
  26  2:17  Drone x2  
  28  2:25  Zergling x2  
  28  2:27  Zergling x2  
  30  2:35  Drone  
  31  2:40  Drone  
  32  2:44  Queen  
  32  2:45  Overlord  
  32  2:50  Lair  
  34  2:54  Drone  
  34  2:55  Drone  
  36  3:06  Drone x2  
  36  3:11  Drone  
  36  3:12  Drone x3  
  42  3:15  Overlord  
  42  3:17  Drone  
  43  3:20  Drone  
  43  3:25  Extractor  
  43  3:26  Extractor  
  42  3:30  Drone x2, Overlord  
  44  3:38  Spore Crawler x2  
  42  3:43  Roach Warren  
  41  3:58  Drone  
  41  3:59  Drone x8  
  50  4:04  Infestation Pit  
  50  4:08  Overlord  
  49  4:25  Extractor  
  49  4:26  Drone x2  
  49  4:27  Drone  
  49  4:28  Overlord x2  
  49  4:49  Roach  
  49  4:50  Roach x5  
  60  4:58  Drone x3  
  63  5:04  Roach x2  
  67  5:21  Nydus Network  
  67  5:26  Swarm Host  
  67  5:27  Swarm Host x2  
  73  5:28  Overlord x2  
  73  5:29  Swarm Host  
  73  5:40  Swarm Host  
  73  5:43  Drone x3  
  76  5:53  Swarm Host x3  
  91  6:02  Spire  
  84  6:05  Nydus Canal  
  84  6:06  Drone  
  84  6:07  Drone x3  
  88  6:14  Overlord  
  88  6:35  Hatchery  
  87  6:46  Zergling x10  
  92  6:49  Overlord x2  
  92  6:55  Overlord x2  
  92  7:01  Nydus Canal  
  92  7:15  Nydus Canal  
  92  7:22  Mutalisk x8  
  92  7:26  Drone x3  
  109  7:51  Queen  
  109  7:52  Extractor  
  109  7:53  Drone x10  
  109  7:55  Extractor  
  109  7:57  Mutalisk x2  
  123  8:05  Nydus Canal  
  122  8:15  Mutalisk x3  
  122  8:17  Overlord x2  
  128  8:20  Spore Crawler  
  128  8:26  Nydus Canal  
  125  8:40  Mutalisk x4  
  133  8:44  Drone x7  
  137  8:58  Nydus Canal  
  125  9:10  Mutalisk x3  
  130  9:17  Zergling x2  
  130  9:18  Zergling x12  
  130  9:21  Mutalisk  
  139  9:33  Zergling x12  
  139  9:34  Hatchery  
Tags
 
Add a new tag
Caveats
  • Supply blocks, unpowered buildings, or Contaminate may cause inaccurate times.
  • Supply counts are checked every 10 seconds.